 Dungeon Crawl Stone Soup version 0.28.0-1-gb440e238dd (webtiles) character file.

Game seed: 14721166872156490546

1033 barney the Transmogrifier (level 8, -4/59 HPs)
             Began as a Pale Draconian Transmuter on Feb 21, 2022.
             Shot with an arrow by a centaur (7 damage)
             ... on level 5 of the Dungeon.
             The game lasted 00:06:44 (8238 turns).

barney the Transmogrifier (DrTm)                    Turns: 8238, Time: 00:06:44

Health: -4/59      AC:  6    Str: 13    XL:     8   Next: 3%
Magic:  10/11      EV: 12    Int: 16    God:
Gold:   146        SH:  0    Dex: 11    Spells: 1/11 levels left

rFire   . . .      SeeInvis .   h - staff of poison
rCold   . . .      Faith    .   (no shield)
rNeg    . . .      Spirit   .   (armour unavailable)
rPois   +          Reflect  .   (helmet restricted)
rElec   .          Harm     .   (no cloak)
rCorr   .          Rampage  .   (no gloves)
Will    .....                   (no boots)
Stlth   +.........              (no amulet)
HPRegen 0.19/turn               (no ring)
MPRegen 0.12/turn               (no ring)

@: no status effects
A: breathe steam, AC +6, unfitting armour, cold-blooded, steam resistance
a: Breathe Steam


You were on level 5 of the Dungeon.
You visited 1 branch of the dungeon, and saw 5 of its levels.

You collected 146 gold pieces.

Inventory:

Hand Weapons
 g - a +0 spear
Magical Staves
 h - a staff of poison (weapon)
Jewellery
 f - an amulet of guardian spirit
Scrolls
 a - 2 scrolls of identify
 c - 2 scrolls of blinking
 d - 3 scrolls of teleportation {unknown}
 e - 3 scrolls of immolation {unknown}
 k - a scroll of vulnerability {unknown}
 l - a scroll of fear {unknown}
 n - a scroll of fog {unknown}
 o - 2 scrolls of holy word {unknown}
 p - a scroll of summoning {unknown}
Potions
 b - 2 potions of berserk rage {unknown}
 i - 2 potions of attraction {unknown}
 j - a potion of brilliance {unknown}
 m - a potion of lignification {unknown}


   Skills:
 - Level 1.1 Fighting
 - Level 1.7 Dodging
 - Level 3.0 Unarmed Combat
 - Level 2.0 Spellcasting
 + Level 8.9 Transmutations
 + Level 3.2 Ice Magic


You had one spell level left.
You knew the following spells:

 Your Spells              Type           Power      Damage    Failure   Level
a - Beastly Appendage     Tmut           60%        N/A       1%          1
b - Spider Form           Tmut/Pois      23%        N/A       10%         3
c - Wereblood             Tmut           30%        N/A       1%          2
d - Ice Form              Ice/Tmut       21%        N/A       17%         4

Your spell library contained the following spells:

 Spells                   Type           Power      Damage    Failure   Level
 Freeze                   Ice            44%        1d6       5%          1
 Frozen Ramparts          Ice            22%        1d4       17%         3
 Ozocubu's Armour         Ice            11%        N/A       17%         3
 Corpse Rot               Necr/Air       2%         N/A       30%         2
 Poisonous Vapours        Pois/Air       4%         N/A       30%         2
 Summon Guardian Golem    Hex/Summ       1%         N/A       52%         3
 Hailstorm                Conj/Ice       6%         3d4       71%         4
 Orb of Destruction       Conj           0%         9d5       100%        7
 Ozocubu's Refrigeration  Ice            5%         4d6       100%        7
 Spellforged Servitor     Conj/Summ      0%         N/A       100%        7


Dungeon Overview and Level Annotations

Branches:
Dungeon (5/15)
 Temple: D:4-7

Altars:
Kikubaaqudgha
Wu Jian


Innate Abilities, Weirdness & Mutations

You can breathe blasts of scalding, opaque steam.
Your pale cyan-grey scales are hard. (AC +6)
You cannot fit into any form of body armour.
You are cold-blooded and may be slowed by cold attacks.
You are immune to the effects of steam.


Message History

You bite the ogre!
The ogre looks as sick as possible!
The ogre is moderately wounded.
The centaur shoots an arrow.
The arrow completely misses you.
Blink to where?
Press: ? - help, Dir - move target
As you read the scroll of blinking, it crumbles to dust.
You have got your breath back.
An ogre comes into view. It is wielding a +0 giant club.
Found a stone staircase leading down.
The centaur shoots an arrow.
The arrow closely misses you.
Your transformation is almost over.
Blink to where?
Press: ? - help, Dir - move target
Found an escape hatch in the floor.
As you read the scroll of blinking, it crumbles to dust.
You feel a bit more experienced.
Your Ice Magic skill increases to level 3!
You have reached level 8!
You feel clever.
Your transformation has ended.
Your staff of poison unmelds from your body.
The centaur shouts!
The centaur shoots an arrow.
The arrow barely misses you.
The centaur shoots an arrow.
The arrow hits you!
The centaur shoots an arrow.
The arrow completely misses you.
The centaur shoots an arrow.
The arrow hits you!
The centaur shoots an arrow.
The arrow hits you!
The centaur shoots an arrow.
The arrow hits you.
The centaur shoots an arrow.
The arrow completely misses you.
The centaur shoots an arrow.
The arrow hits you.
* * * LOW HITPOINT WARNING * * *
Okay, then.
The centaur shoots an arrow.
The arrow hits you!
* * * LOW HITPOINT WARNING * * *
The centaur shoots an arrow.
The arrow hits you.
* * * LOW HITPOINT WARNING * * *
There is a stone staircase leading up, spattered with blood here.
Okay, then.
The centaur shoots an arrow.
The arrow hits you!
You die...

##..........# ###....##
###........## #>......#
#...........## ##.......
##...........# ##.......
##.......#...####.##.....
##.....c.....##.......<...
#......#.....#............
#.....##......#...........
#.##..###@................
#.........................
###......##............###
##...>.###...........##<
##...## #..........###.
#.#..###....c...###...
...#..#.#...O.....##...
....##...................
..####...#..#!............


You could see an ogre and 2 centaurs.

Vanquished Creatures
  Grinder (D:3)
  A sky beast (D:5)
  2 ogres
  A necrophage (D:5)
  A gnoll shaman (D:4)
  2 orc priests
  2 hounds (D:4)
  Terence (D:3)
  An iguana (D:4)
  Natasha (D:3)
  2 orc wizards (D:5)
  4 gnolls (D:4)
  10 adders
  A shadow imp (D:3)
  A white imp (D:5)
  An adder zombie (D:5)
  An adder skeleton (D:4)
  A worm (D:2)
  3 dart slugs
  7 orcs
  6 endoplasms
  4 giant cockroaches
  4 goblins
  5 hobgoblins
  6 kobolds
  3 quokkas
  7 ball pythons
  6 bats
  3 frilled lizards (D:3)
  8 rats
96 creatures vanquished.

Notes
Turn   | Place    | Note
-------+----------+-------------------------------------------
     0 | D:1      | barney the Draconian Transmuter began the quest for the
                  | Orb.
     0 | D:1      | Reached XP level 1. HP: 16/16 MP: 3/3
   581 | D:1      | Reached XP level 2. HP: 15/23 MP: 3/5
   960 | D:1      | Found a faded altar of an unknown god.
  1265 | D:2      | Reached skill level 3 in Transmutations
  1583 | D:2      | Reached XP level 3. HP: 4/28 MP: 4/6
  1945 | D:2      | Learned a level 3 spell: Spider Form
  1948 | D:2      | Learned a level 2 spell: Wereblood
  2381 | D:2      | Reached skill level 4 in Transmutations
  3524 | D:3      | Noticed Terence
  3537 | D:3      | Killed Terence
  3538 | D:3      | Reached XP level 4. HP: 9/35 MP: 3/7
  3856 | D:3      | Noticed Grinder
  3864 | D:3      | Killed Grinder
  3865 | D:3      | Reached skill level 6 in Transmutations
  3865 | D:3      | Reached XP level 5. HP: 31/40 MP: 4/8
  3865 | D:3      | Reached XP level 6. HP: 36/47 MP: 4/9
  5060 | D:3      | You fall into a shaft and drop 2 floors!
  5060 | D:5      | Entered Level 5 of the Dungeon
  5073 | D:5      | Reached skill level 7 in Transmutations
  5549 | D:3      | Noticed Natasha
  5558 | D:3      | Killed Natasha
  5723 | D:4      | Your scales start taking on a pale cyan-grey colour.
  5723 | D:4      | Reached XP level 7. HP: 48/52 MP: 7/10
  5723 | D:4      | Gained mutation: You are immune to the effects of steam.
                  | [Pale Draconian growth]
  5987 | D:4      | Reached skill level 8 in Transmutations
  6087 | D:4      | Learned a level 4 spell: Ice Form
  6270 | D:4      | Found an ornate altar of the Wu Jian Council.
  6270 | D:4      | Found an ancient bone altar of Kikubaaqudgha.
  6425 | D:4      | Reached skill level 1 in Ice Magic
  8224 | D:5      | Reached XP level 8. HP: 46/59 MP: 8/11
  8238 | D:5      | Shot with an arrow by a centaur

Illustrated notes

Levels and vault maps discovered:
D:1:      co_arrival_square_in_a_square_in_a_square, layout_basic,
          basic_ecumenical_altar
D:2:      layout_basic
D:3:      kennysheep_big_flooded_room, layout_basic, st_stairs_6,
          grunt_ministairs_8, kennysheep_generic_room_6, uniq_grinder,
          uniq_natasha, uniq_terence
D:4:      layout_basic, grunt_temple_overflow_open, minmay_misc_feat_ornament
D:5:      layout_cave_pools, serial_rivers, chequers_serial_rivers_marsh,
          chequers_serial_rivers_large_b, chequers_serial_rivers_micro_e,
          chequers_serial_rivers_micro_e, chequers_serial_rivers_micro_d,
          nicolae_underground_beach

Skill      XL: |  1  2  3  4  5  6  7 |
---------------+----------------------+-----
Transmutations | 3 4 6 7 8 |  8.9
Ice Magic      | 3 |  3.2
Fighting       | |  1.1
Dodging        | |  1.7
Unarmed Combat | |  3.0
Spellcasting   | |  2.0

Action                   |  1- 3 |  4- 6 |  7- 9 || total
-------------------------+-------+-------+-------++-------
Melee: Unarmed           |    98 |    86 |    80 ||   264
       Kick              |     9 |     5 |     4 ||    18
       Tailslap          |    12 |     2 |     4 ||    18
       Headbutt          |    10 |     5 |     3 ||    18
       Punch             |     1 |       |       ||     1
       Staff             |       |    39 |    19 ||    58
 Cast: Beastly Appendage |    25 |     9 |     3 ||    37
       Spider Form       |     1 |    13 |     9 ||    23
 Abil: Breathe Steam     |       |       |     2 ||     2
  Use: Potion            |     2 |       |     4 ||     6
       Scroll            |       |       |     3 ||     3
 Stab: Sleeping          |       |       |     2 ||     2
Armor: Skin              |    27 |    25 |    14 ||    66
Dodge: Dodged            |    50 |   108 |    66 ||   224
